AoeStats
← chinorron

Black Forest

509692165Analyzed
4v4 RM · 3d ago on Sep 27, 2026· 74m 26s· 8 players
Game mode
Random Map
Map size
Large (8 player)
Population
200
Speed
Normal
Resources
Standard
Victory
Conquest
Starting age
Dark Age
Ending age
Imperial Age
RankedLock teamsTeams togetherTeam positionsShared explorationLock speedFull tech treeHidden civsTurbo modeCheats
Victory
Defeat
🇪🇸 Hindustanis · Spain
1168
+10
🇪🇸 Teutons · Spain
1130
+12
🇬🇧 Mongols · United Kingdom
1017
+16
🇪🇸 Persians · Spain
895
+21
🇮🇳 Vietnamese · India
1146
-20
🇸🇪 Maya · Sweden
1010
-14
🇺🇸 Bohemians · United States
992
-13
🇮🇳 Franks · India
957
-12
gädda
2:30 Loom
12:16 Feudal Age
12:42 Double-Bit Axe
17:53 Castle Age
15:40 Horse Collar
19:06 Heavy Plow
27:43 Treadmill Crane
28:24 Ballistics
28:10 Gold Mining
28:11 Stone Mining
30:31 Stone Shaft Mining
32:30 Imperial Age
30:38 Wheelbarrow
29:49 Town Watch
30:58 Masonry
32:02 Hand Cart
31:48 Town Patrol
31:59 Caravan
32:12 Forging
32:03 Scale Mail Armor
32:03 Padded Archer Armor
31:54 Fletching
32:26 Bow Saw
32:13 Arson
32:29 Squires
31:50 Eagle Warrior
33:53 Holcans
33:47 Conscription
33:48 Elite Eagle Warrior
34:49 Thumb Ring
36:02 Chemistry
35:58 Iron Casting
35:48 Chain Mail Armor
35:53 Leather Archer Armor
35:40 Bodkin Arrow
36:33 Elite Plumed Archer
39:47 Blast Furnace
39:18 Plate Mail Armor
39:19 Ring Archer Armor
41:45 Bracer
41:30 Elite Skirmisher
42:21 Hul'che Javelineers
42:51 Capped Ram
43:45 Siege Ram
48:32 Imperial Skirmisher
58:21 Pikeman
60:10 Crop Rotation
59:47 Heavy Scorpion
62:31 Halberdier
Achilles333
13:21 Feudal Age
16:25 Double-Bit Axe
19:19 Castle Age
20:35 Bow Saw
23:49 Imperial Age
22:46 Horse Collar
24:09 Chemistry
24:29 Heavy Plow
28:51 Pikeman
29:32 Squires
29:42 Scale Mail Armor
32:54 Two-Man Saw
33:40 Loom
34:31 Wheelbarrow
37:17 Block Printing
39:11 Halberdier
40:33 Caravan
40:44 Padded Archer Armor
41:09 Chain Mail Armor
42:43 Illumination
43:02 Illumination
43:43 Hand Cart
45:22 Theocracy
51:49 Hussite Reforms
52:05 Conscription
51:53 Hussite Reforms
52:29 Elite Hussite Wagon
58:06 Coinage
58:00 Wagenburg Tactics
58:50 Houfnice
Devil
1:23 Loom
12:52 Feudal Age
13:21 Man-at-Arms
13:57 Double-Bit Axe
13:53 Horse Collar
15:25 Forging
15:15 Scale Mail Armor
15:57 Wheelbarrow
17:19 Gold Mining
22:24 Castle Age
21:05 Stone Mining
23:19 Hand Cart
24:01 Bow Saw
23:52 Heavy Plow
25:16 Stone Shaft Mining
29:43 Masonry
30:19 Fortified Wall
30:06 Fletching
30:17 Padded Archer Armor
34:00 Imperial Age
31:53 Bodkin Arrow
33:08 Leather Archer Armor
33:37 Ballistics
34:40 Iron Casting
34:20 Chain Mail Armor
34:55 Bracer
35:27 Paper Money
35:42 Ring Archer Armor
36:39 Chemistry
37:27 Two-Man Saw
37:02 Crop Rotation
39:39 Hoardings
38:58 Elite Rattan Archer
40:58 Thumb Ring
43:09 Elite Skirmisher
44:10 Imperial Skirmisher
46:43 Guilds
49:05 Siege Engineers
50:06 Caravan
54:59 Chain Mail Armor
54:50 Scale Barding Armor
56:08 Chain Barding Armor
55:51 Chatras
55:39 Elite Battle Elephant
56:49 Bloodlines
57:15 Husbandry
58:48 Plate Barding Armor
60:42 Pikeman
61:23 Squires
63:56 Chain Mail Armor
63:44 Halberdier
Luffy Senchou
2:51 Loom
13:28 Feudal Age
18:38 Double-Bit Axe
22:34 Castle Age
21:49 Scale Barding Armor
21:55 Forging
23:55 Bow Saw
26:04 Wheelbarrow
26:42 Iron Casting
26:15 Husbandry
29:44 Chain Barding Armor
42:05 Imperial Age
39:54 Hand Cart
39:43 Ordonnance Companies
42:32 Gold Mining
42:11 Cavalier
43:54 Blast Furnace
43:30 Plate Barding Armor
43:27 Conscription
43:48 Caravan
44:04 Paladin
51:54 Gold Shaft Mining
55:37 Elite Throwing Axeman
64:12 Pikeman
64:53 Squires
69:11 Light Cavalry
70:19 Fletching
chinorron
1:21 Loom
11:17 Feudal Age
11:18 Man-at-Arms
11:46 Double-Bit Axe
19:28 Castle Age
17:27 Horse Collar
19:02 Fletching
21:05 Bow Saw
20:57 Heavy Plow
24:12 Wheelbarrow
30:48 Imperial Age
29:05 Hand Cart
30:30 Elite Skirmisher
31:07 Bodkin Arrow
31:13 Padded Archer Armor
31:37 Shatagni
31:58 Conscription
32:36 Grand Trunk Road
33:43 Chemistry
33:10 Leather Archer Armor
33:12 Gold Mining
34:46 Ballistics
35:48 Two-Man Saw
38:31 Ring Archer Armor
48:05 Light Cavalry
48:55 Bloodlines
48:45 Husbandry
48:53 Scale Barding Armor
48:58 Forging
48:56 Hussar
54:15 Chain Barding Armor
55:50 Iron Casting
61:19 Plate Barding Armor
60:30 Heavy Camel Rider
63:32 Caravan
68:23 Blast Furnace
68:23 Bracer
RAPAZ
0:30 Loom
11:25 Feudal Age
16:22 Castle Age
14:25 Double-Bit Axe
14:22 Horse Collar
14:59 Gold Mining
17:31 Bow Saw
18:05 Heavy Plow
23:13 Wheelbarrow
24:03 Scale Barding Armor
25:26 Forging
27:14 Chain Barding Armor
28:16 Hand Cart
29:20 Iron Casting
31:49 Bloodlines
31:40 Husbandry
35:39 Imperial Age
35:21 Cavalier
37:07 Plate Barding Armor
38:13 Blast Furnace
36:47 Savar
39:19 Gold Shaft Mining
38:36 Heavy Camel Rider
41:55 Two-Man Saw
46:02 Light Cavalry
51:39 Hussar
68:50 Caravan
73:17 Chemistry
72:13 Fletching
72:24 Padded Archer Armor
72:35 Kamandaran
73:56 Crossbowman
sepereti
1:53 Loom
11:59 Feudal Age
17:04 Castle Age
14:53 Double-Bit Axe
15:09 Horse Collar
15:30 Gold Mining
19:03 Bow Saw
22:35 Heavy Plow
25:18 Wheelbarrow
27:13 Hand Cart
27:59 Stone Mining
29:22 Fortified Wall
28:48 Man-at-Arms
29:13 Gambesons
29:28 Pikeman
30:08 Squires
29:29 Long Swordsman
38:10 Stone Shaft Mining
39:02 Scale Mail Armor
39:13 Forging
43:43 Imperial Age
42:05 Chain Mail Armor
43:48 Iron Casting
43:52 Two-Handed Swordsman
45:23 Crop Rotation
47:48 Conscription
48:18 Halberdier
48:28 Capped Ram
49:36 Champion
51:49 Plate Mail Armor
52:19 Blast Furnace
54:31 Chemistry
57:11 Caravan
60:52 Two-Man Saw
kypraeos18
5:06 Loom
12:31 Feudal Age
16:24 Castle Age
14:35 Double-Bit Axe
17:15 Bow Saw
17:22 Stone Mining
17:46 Horse Collar
19:23 Heavy Plow
24:04 Wheelbarrow
24:19 Stone Shaft Mining
26:13 Hand Cart
27:06 Gold Mining
29:04 Gold Shaft Mining
30:27 Scale Barding Armor
30:33 Forging
32:56 Imperial Age
31:16 Husbandry
31:55 Chain Barding Armor
32:32 Bloodlines
32:59 Heavy Camel Rider
34:04 Conscription
33:47 Fletching
34:25 Scale Mail Armor
35:00 Iron Casting
34:27 Padded Archer Armor
34:43 Bodkin Arrow
36:15 Chemistry
35:36 Ballistics
35:52 Chain Mail Armor
36:41 Elite Mangudai
37:09 Onager
39:18 Coinage
38:37 Capped Ram
40:44 Bracer
41:44 Blast Furnace
41:01 Leather Archer Armor
41:16 Plate Mail Armor
40:28 Light Cavalry
41:54 Drill
42:12 Parthian Tactics
41:09 Elite Skirmisher
42:19 Thumb Ring
41:53 Siege Ram
42:33 Siege Onager
43:02 Hussar
58:55 Caravan
Connection lost

Rejoining the realm…

Still unreachable

The connection could not be restored.

Session expired

The server has moved on; the page needs a fresh start.